 Dungeon Crawl Stone Soup version 0.30-a0-1114-gd936c97349 (webtiles) character file.

Game seed: 5858738644117843688

383 ragingrage the Cutter (level 6, -2/35 HPs)
             Began as a Gargoyle Brigand on Apr 20, 2023.
             Splashed by a jelly's acid (3 damage)
             ... on level 4 of the Dungeon.
             The game lasted 00:04:41 (3596 turns).

ragingrage the Cutter (Gargoyle Brigand)            Turns: 3596, Time: 00:04:41

Health: -2/35      AC:  7    Str: 15    XL:     6   Next: 76%
Magic:  6/6        EV: 10    Int: 11    God:
Gold:   137        SH:  0    Dex: 13    Spells: 5/5 levels left

rFire   . . .      SeeInvis .    b - +2 short sword (vamp)
rCold   . . .      Faith    .    (no shield)
rNeg    + . .      Spirit   .    x - +0 ring mail
rPois   ∞          Reflect  .    (no helmet)
rElec   +          Rampage  .    c - +0 cloak
rCorr   .                        (no gloves)
Will    .....                    i - +0 pair of boots
Stlth   ++                       (no amulet)
HPRegen 0.25/turn                r - +4 ring of protection
MPRegen 0.10/turn                (no ring)

@: corroded
A: sickness immunity, AC +4, negative energy resistance 1, electricity
resistance, torment resistance 1, petrification resistance
a: no special abilities


You were on level 4 of the Dungeon.
You visited 1 branch of the dungeon, and saw 4 of its levels.
You also visited: Ossuary.

You collected 137 gold pieces.

Inventory:

Hand Weapons
 a - a +2 dagger
 b - a +2 vampiric short sword (weapon)
 s - a +0 rapier
Missiles
 d - 11 poisoned darts (quivered)
 e - 3 curare-tipped darts
 m - 2 javelins
Armour
 c - a +0 cloak (worn)
 i - a +0 pair of boots (worn)
 x - a +0 ring mail (worn)
Jewellery
 h - a ring of fire
 r - a +4 ring of protection (left hand)
Scrolls
 f - a scroll of amnesia
 g - a scroll of vulnerability {unknown}
 j - a scroll of fear {unknown}
 k - a scroll of silence {unknown}
 l - a scroll of identify
 o - a scroll of fog
 t - a scroll of summoning {unknown}
 u - a scroll of blinking {unknown}
 v - 2 scrolls of immolation
 y - a scroll of brand weapon {unknown}
 E - a scroll of magic mapping {unknown}
 F - a scroll of enchant weapon {unknown}
 G - 2 scrolls of teleportation
 H - a scroll of poison {unknown}
Potions
 n - a potion of resistance
 p - 3 potions of magic
 q - 4 potions of curing
 w - 5 potions of berserk rage
 z - a potion of might {unknown}
 A - 3 potions of lignification
 B - a potion of heal wounds {unknown}
 C - 2 potions of mutation
 D - a potion of brilliance {unknown}


   Skills:
 - Level 2.1 Fighting
 + Level 6.4 Short Blades
 - Level 1.7 Throwing
 - Level 0.7 Dodging
 - Level 4.3 Stealth


You had 5 spell levels left.
You didn't know any spells.
Your spell library contained the following spells:

 Spells                   Type           Power      Damage    Failure   Level
 Poisonous Vapours        Pois/Air       0%         N/A       71%         2
 Mephitic Cloud           Conj/Pois/Air  0%         N/A       91%         3
 Freezing Cloud           Conj/Ice/Air   0%         6-21      100%        5


Dungeon Overview and Level Annotations

Branches:
Dungeon (4/15)            Ossuary (visited)
 Temple: D:4-7

Altars:

Annotations:
D:3 exclusion: downstairs
D:4 Pikel, Robin


Innate Abilities, Weirdness & Mutations

You are immune to sickness and miasma.
Your stone body is resilient. (AC +4)
You are immune to poison.
You resist negative energy. (rN+)
You are resistant to electric shocks. (rElec)
You are resistant to unholy torment.
You are immune to petrification.


Message History

w - 5 potions of berserk rage
As you read the scroll of identify, it crumbles to dust.
f - a scroll of amnesia Welcome back to the Dungeon!
Level annotation: Pikel, Robin
There is a collapsed entrance here.
The sentinel's mark upon you fades away.
A jelly is nearby!
A jelly is nearby!
A jelly is nearby!
A hobgoblin comes into view.
The kobold throws a poisoned dart.
The poisoned dart hits you!
The kobold throws a poisoned dart.
The poisoned dart hits you!
The hobgoblin hits you but does no damage.
You closely miss the hobgoblin. The hobgoblin closely misses you.
You hit the hobgoblin. You hit the hobgoblin.
You kill the hobgoblin!
You barely miss the kobold. The kobold barely misses you.
You hit the kobold but do no damage. The kobold hits you with a +0 dagger.
The jelly quivers.
You hit the kobold but do no damage. You hit the kobold.
You kill the kobold!
Things that are here:
a +0 dagger; 7 poisoned darts; a hobgoblin corpse You hit the jelly.
Your hands burn!
The jelly hits you but does no damage.
You hit the jelly.
You feel better. The acid corrodes you!
Your hands burn!
You completely miss the jelly. The jelly closely misses you.
You hit the jelly.
You feel better.
Your hands burn!
The jelly closely misses you.
You hit the jelly but do no damage. The acid corrodes you!
Your hands burn!
You hit the jelly but do no damage.
Your hands burn!
The jelly hits you.
You are splashed with acid!
You hit the jelly but do no damage.
Your hands burn!
The jelly hits you.
* * * LOW HITPOINT WARNING * * *
The acid corrodes you!
You are splashed with acid!
* * * LOW HITPOINT WARNING * * *
You hit the jelly.
Your hands burn!
You die...

### #.# ### ## #.# #.## # #.#
#.## ##### #..# ## #..######..#
###...####..#####.
##.........#####.)##..........#..
........8....#.J@###...######...#
....##..........## #..## ###.#
....##8...8......##...# #.#
#...##........#..##...# #.#
.....#..8....###......# ##..
......###.#.)# #....## ##...
..J.J. #...## #..... ##..##
..##.. ###.# ..#...# ##..### ##.
#..# .......###..##


You could see a jelly.

Vanquished Creatures
  An ogre (D:3)
  A lemure (D:3)
  2 human zombies (Ossuary)
  An orc priest (D:3)
  An iguana (D:4)
  An orc wizard (D:3)
  3 mummies (Ossuary)
  3 adders
  A worm (D:2)
  6 dart slugs
  5 orcs (D:3)
  6 bats
  3 endoplasms
  3 giant cockroaches
  A gnoll zombie (Ossuary)
  9 goblins
  8 hobgoblins
  6 jackals
  A quokka (D:4)
  4 ball pythons
  2 frilled lizards
  A hobgoblin zombie (Ossuary)
  6 kobolds
  A kobold zombie (Ossuary)
  3 orc zombies (Ossuary)
  5 rats
84 creatures vanquished.

Notes
Turn   | Place    | Note
-------+----------+-------------------------------------------
     0 | D:1      | ragingrage the Gargoyle Brigand began the quest for the
                  | Orb.
     0 | D:1      | Reached XP level 1. HP: 12/12 MP: 1/1
    98 | D:1      | Reached skill level 2 in Short Blades
   207 | D:1      | Reached XP level 2. HP: 17/17 MP: 2/2
   293 | D:1      | Reached skill level 3 in Short Blades
   348 | D:1      | Reached XP level 3. HP: 21/21 MP: 3/3
  1582 | D:2      | Reached XP level 4. HP: 26/26 MP: 4/4
  2036 | D:3      | Reached skill level 4 in Short Blades
  2220 | D:3      | Reached XP level 5. HP: 21/30 MP: 5/5
  2540 | D:3      | Noticed an ogre
  2559 | D:3      | Killed an ogre
  2560 | D:3      | Reached skill level 5 in Short Blades
  2560 | D:3      | Reached XP level 6. HP: 35/35 MP: 6/6
  2840 | D:4      | Noticed Robin
  2884 | D:4      | Noticed Pikel
  3162 | D:4      | Found a sand-covered staircase.
  3184 | Ossuary  | Entered an ossuary
  3248 | Ossuary  | Reached skill level 6 in Short Blades
  3595 | D:4      | HP: 1/35 [acid (9)]
  3596 | D:4      | Splashed by a jelly's acid

Illustrated notes

Levels and vault maps discovered:
D:1:      minmay_arrival_loop, layout_basic, minmay_pentomino_q4
D:2:      layout_basic
D:3:      layout_loops_corners, minmay_surrounded
D:4:      layout_layer_cave, mainiacjoe_overflow_swirl,
          nicolae_tso_carved_into_rock, nicolae_ossuary_entry_monument,
          uniq_robin, uniq_pikel

Skill      XL: |  1  2  3  4  5  6 |
---------------+-------------------+-----
Short Blades   | 2 3 4 5 6 |  6.4
Fighting       | |  2.1
Throwing       | |  1.7
Dodging        | |  0.7
Stealth        | |  4.3

Action                     |  1- 3 |  4- 6 || total
---------------------------+-------+-------++-------
  Melee: Dagger            |    54 |       ||    54
         Short sword       |   100 |   223 ||   323
         Punch             |     1 |     1 ||     2
         Unarmed           |       |    14 ||    14
  Throw: Dart              |       |     3 ||     3
    Use: Potion            |       |     3 ||     3
         Scroll            |       |     6 ||     6
   Stab: Sleeping          |     4 |     7 ||    11
 Armour: Robe              |    62 |     2 ||    64
         Ring mail         |       |    70 ||    70
         Skin              |       |    12 ||    12
  Dodge: Dodged            |    80 |    62 ||   142

Table legend: (Time is in decaauts)
 A = Elapsed time spent in this place.
 B = Non-inter-level travel time spent in this place.
 C = Inter-level travel time spent in this place.
 D = Time resting spent in this place.
 E = Time spent auto-exploring this place.
 F = Levels seen in this place.
 G = Mean time per level.
                   A        B        C        D        E       F      G
               +--------+--------+--------+--------+--------+-----+--------+
         Total |   3508 |   3084 |    424 |     62 |   1976 |   5 |  701.6 |
       Dungeon |   3166 |   2742 |    424 |     62 |   1823 |   4 |  791.5 |
       Ossuary |    341 |    341 |      0 |      0 |    153 |   1 |  341.0 |
               +--------+--------+--------+--------+--------+-----+--------+

Top non-repeatable levels by time:
     D:3: 1032 daAuts
     D:2: 1000 daAuts
     D:1: 888 daAuts
 Ossuary: 341 daAuts
     D:4: 244 daAuts
